 Dungeon Crawl Stone Soup version 0.18-a0-1044-g2bb894f (webtiles) character file.

1106 Kristof the Digger (level 8, -14/43 HPs)
             Began as a Gargoyle Earth Elementalist on Jan 11, 2016.
             Demolished by melty's ghost (18 damage)
             ... on level 5 of the Dungeon.
             The game lasted 00:25:07 (6920 turns).

Kristof the Digger (Gargoyle Earth Elementalist)    Turns: 6920, Time: 00:25:07

Health: -14/43     AC:  9    Str: 12    XL:     8   Next: 33%
Magic:  8/17       EV: 12    Int: 18    God:
Gold:   225        SH:  0    Dex: 10    Spells: 4 memorised, 8 levels left

rFire  . . .     SeeInvis .     q - +1 whip (elec)
rCold  . . .     Gourm    +     a - +1 robe
rNeg   + . .     Faith    .     (no shield)
rPois  ∞         Spirit   .     (no helmet)
rElec  +         Dismiss  .     (no cloak)
rCorr  .         Reflect  .     (no gloves)
SustAt .         Harm     .     l - +0 pair of boots
MR     .....                    r - amulet of the gourmand
Stlth  ++........               (no ring)
                                m - ring of wizardry

@: not resistant to hostile enchantments, unstealthy
A: negative energy resistance 1, electricity resistance, unbreathing,
petrification resistance, rot immunity, AC +5
a: no special abilities


You were on level 5 of the Dungeon.
You were very full.

You visited 1 branch of the dungeon, and saw 5 of its levels.

You collected 225 gold pieces.

Inventory:

Hand Weapons
 p - a +1 flail of crushing
 q - a +1 whip of electrocution (weapon)
Missiles
 b - 17 stones (quivered)
Armour
 a - a +1 robe (worn)
 l - a +0 pair of boots (worn)
Jewellery
 m - a ring of wizardry (left hand)
 r - an amulet of the gourmand (around neck)
Wands
 f - a wand of confusion (15/48)
 g - a wand of digging (4/24)
 w - a wand of cold (6/15)
Potions
 e - a potion of brilliance {unknown}
 h - 2 potions of cure mutation
 i - 2 potions of heal wounds
 j - a potion of resistance
 n - a potion of poison {unknown}
 o - 2 potions of cancellation
 s - 2 potions of curing {unknown}
 u - 2 potions of haste {unknown}
 v - a potion of lignification {unknown}
Books
 c - a book of Geomancy

   Spells                             Type                      Level
   a - Sandblast                      Earth                        1
   b - Stoneskin                      Transmutation/Earth          2
   c - Passwall                       Transmutation/Earth          3
   d - Stone Arrow                    Conjuration/Earth            3
   e - Petrify                        Transmutation/Earth          4
   f - Lee's Rapid Deconstruction     Earth                        5
Comestibles
 d - 5 bread rations
 k - 2 beef jerkies
 t - a meat ration


   Skills:
 + Level 1.4 Fighting
 + Level 1.4 Maces & Flails
 + Level 1.2 Armour
 + Level 2.3 Dodging
 - Level 2.1 Stealth
 * Level 6.0 Spellcasting
 + Level 4.3 Conjurations
 - Level 0.7 Transmutations
 + Level 6.3 Earth Magic
 + Level 1.0 Evocations


You had 8 spell levels left.
You knew the following spells:

 Your Spells              Type           Power        Failure   Level  Hunger
a - Sandblast             Erth           ####..       1%          1    None
b - Stoneskin             Trmt/Erth      ###.....     1%          2    None
c - Stone Arrow           Conj/Erth      ###...       1%          3    ##.....
d - Lee's Rapid Deconstr  Erth           ####......   12%         5    #####..


Dungeon Overview and Level Annotations

Branches:
Dungeon (5/15)
 Temple: D:4-7

Altars:
Ashenzari
Elyvilon
Makhleb
Okawaru
Qazlal

Annotations:
D:5 melty's ghost, novice MiBe


Innate Abilities, Weirdness & Mutations

You are resistant to torment.
Your stone body is resilient (AC +5).
You are immune to poison.
You resist negative energy.
You are resistant to electric shocks.
You can survive without breathing.
You are immune to petrification.
You are immune to rotting.


Message History

Casting: Stone Arrow
Confirm with . or Enter, or press ? or * to list all spells.
Aiming: Sandblast
Press: ? - help, Shift-Dir - straight line, f/p - melty's ghost
Aim: melty's ghost (moderately damaged)
The rocky blast hits melty's ghost.
Melty's ghost is moderately damaged.
Melty's ghost hits you!
You hear the crackle of electricity.
q - a +1 whip of electrocution (weapon)
You barely miss melty's ghost.
Melty's ghost is moderately damaged.
Melty's ghost hits you!
* * * LOW HITPOINT WARNING * * *
You hit melty's ghost but do no damage.
There is a sudden explosion of sparks!
Melty's ghost is heavily damaged.
Melty's ghost hits you.
* * * LOW HITPOINT WARNING * * *
Melty's ghost hits you!!
You die...

#.... ...
#.h..##.#.## #
#_......#..# [#
....O...##.# ..#
## ........$# #..#
#. .......#...
#.#####.###.#.#
#.@W..........#
#######.###.####.#
#..........#
####....######.
...............
#######.######.
#.# #.###
#####...#


You could see melty's ghost.

Vanquished Creatures
  An orc warrior (D:4)
  An ice beast (D:5)
  2 phantoms
  A water moccasin skeleton (D:5)
  3 crimson imps (D:5)
  A centaur zombie (D:5)
  3 orc priests
  A jelly (D:5)
  2 hounds
  3 orc wizards (D:4)
  A giant frog skeleton (D:5)
  Terence (D:3)
  11 adders
  A shadow imp (D:5)
  An ooze (D:3)
  An adder skeleton (D:4)
  2 worms (D:3)
  4 giant geckos
  16 orcs
  3 ball pythons
  7 bats
  5 giant cockroaches
  5 hobgoblins
  15 jackals
  3 quokkas
  5 giant newts
  8 goblins
  8 kobolds
  A quokka skeleton (D:5)
  9 rats
125 creatures vanquished.

Notes
Turn   | Place    | Note
--------------------------------------------------------------
     0 | D:1      | Kristof the Gargoyle Earth Elementalist began the quest for the Orb.
     0 | D:1      | Reached XP level 1. HP: 10/10 MP: 3/3
   231 | D:1      | Reached XP level 2. HP: 15/15 MP: 3/5
   256 | D:1      | Learned a level 2 spell: Stoneskin
   580 | D:1      | Found a shattered altar of Ashenzari.
   858 | D:2      | Reached skill level 4 in Earth Magic
   858 | D:2      | Reached XP level 3. HP: 19/19 MP: 2/7
   863 | D:2      | Learned a level 3 spell: Stone Arrow
  1393 | D:2      | Found a stormy altar of Qazlal.
  1791 | D:2      | Reached XP level 4. HP: 21/24 MP: 9/9
  1829 | D:2      | Reached skill level 1 in Conjurations
  2620 | D:3      | Noticed Terence
  2626 | D:3      | Killed Terence
  2626 | D:3      | Reached XP level 5. HP: 24/28 MP: 10/10
  3695 | D:2      | Reached XP level 6. HP: 4/32 MP: 6/12
  3702 | D:2      | Learned a level 5 spell: Lee's Rapid Deconstruction
  3981 | D:3      | Reached skill level 5 in Earth Magic
  4290 | D:4      | Found a white marble altar of Elyvilon.
  4381 | D:4      | Noticed a phantom
  4389 | D:4      | Killed a phantom
  4627 | D:4      | Noticed an orc warrior
  4654 | D:4      | Found an iron altar of Okawaru.
  4950 | D:4      | Reached skill level 5 in Spellcasting
  5256 | D:4      | Reached XP level 7. HP: 36/36 MP: 12/14
  5738 | D:4      | Reached skill level 6 in Earth Magic
  5936 | D:5      | Entered Level 5 of the Dungeon
  6470 | D:5      | Reached XP level 8. HP: 42/42 MP: 11/16
  6504 | D:5      | Reached skill level 1 in Maces & Flails
  6647 | D:5      | Reached skill level 1 in Fighting
  6701 | D:5      | Reached skill level 1 in Armour
  6750 | D:5      | Reached skill level 1 in Evocations
  6834 | D:5      | Noticed melty's ghost (novice MiBe)
  6905 | D:5      | Found a burning altar of Makhleb.
  6920 | D:5      | Demolished by melty's ghost

Vault maps used:
D:1:      evilmike_arrival_crescent, evilmike_ruin_ashenzari
D:2:      lemuel_doored_altar
D:3:      uniq_terence
D:4:      okawaru_metal_pillars_1_2, first_bread, elyvilon_altar_4
D:5:      overflow_temple_1_default, serial_curves, eino_curves_01,
          eino_curves_02, serial_shops, kennysheep_little_box, corner_web_ring

Action                   |  1- 3 |  4- 6 |  7- 9 || total
-------------------------+-------+-------+-------++-------
Melee: Short sword       |    50 |    24 |       ||    74
       Whip              |       |   149 |     5 ||   154
 Cast: Sandblast         |    31 |    17 |    53 ||   101
       Stone Arrow       |       |    16 |    19 ||    35
  Use: Scroll            |     4 |     3 |     2 ||     9
 Stab: Sleeping          |     3 |       |       ||     3
  Eat: Chunk             |     3 |    20 |     5 ||    28
       Fruit             |       |     4 |       ||     4
